 Dungeon Crawl Stone Soup version 0.17-a0-1989-gfb2cd5c (webtiles) character file.

1495 Morphine the Carver (level 8, -2/52 HPs)
             Began as an Octopode Fighter on Oct 7, 2015.
             Was an Initiate of Ashenzari.
             Shot with an arrow of frost by a centaur (3 damage)
             ... on level 6 of the Dungeon.
             The game lasted 00:28:00 (5139 turns).

Morphine the Carver (Octopode Fighter)              Turns: 5139, Time: 00:28:00

Health: -2/52      AC:  1    Str: 13    XL:     8   Next: 81%
Magic:  8/8        EV:  8    Int: 11    God:    Ashenzari [......]
Gold:   362        SH:  4    Dex: 13    Spells: 0 memorised, 7 levels left

rFire  . . .     SeeInvis .     N - +0 blowgun
rCold  . . .     Clarity  .     G - +0 buckler (curse)
rNeg   . . .     SustAt   .     (helmet restricted)
rPois  .         Gourm    +     j - amulet of the gourmand
rElec  .         Spirit   .     H - -2 ring of strength (curse)
rCorr  .         Warding  .     U - ring of flight
rMut   .         Stasis   .     (no ring)
MR     .....                    (no ring)
Stlth  ++++......               (no ring)
                                (no ring)
                                (no ring)
                                (no ring)

@: not resistant to hostile enchantments, stealthy
A: almost no armour, amphibious, 8 rings, constrict 8, camouflage 1, gelatinous
body 1
a: Renounce Religion, Evoke Flight


You were on level 6 of the Dungeon.
You worshipped Ashenzari.
Ashenzari was noncommittal.
You were hungry.

You visited 1 branch of the dungeon, and saw 6 of its levels.
You also visited: Sewer.

You collected 362 gold pieces.

Inventory:

Hand Weapons
 a - a +0 long sword
 f - a +0 dagger of speed
 J - a +4 dagger
 N - a +0 blowgun (weapon)
 Q - a +0 shortbow
Missiles
 c - 11 poisoned bolts
 h - 267 stones
 n - 6 tomahawks
 p - 27 poisoned needles (quivered)
 y - 68 arrows
 D - 38 bolts
Armour
 b - a +0 shield
 E - a +0 large shield
 G - a cursed +0 buckler (worn)
Jewellery
 j - an amulet of the gourmand (around mantle)
 H - a cursed -2 ring of strength (left tentacle)
 U - a ring of flight (right tentacle)
Wands
 x - a wand of slowing (6)
 z - a wand of flame (34)
Scrolls
 i - a scroll of magic mapping {unknown}
 k - 2 scrolls of teleportation
 m - 2 scrolls of enchant armour {unknown}
 q - 3 scrolls of identify {unknown}
 s - a scroll of amnesia {unknown}
 w - 3 scrolls of remove curse
 B - 2 scrolls of random uselessness {unknown}
 I - a scroll of noise {unknown}
 M - a scroll of blinking {unknown}
 O - 2 scrolls of fear {unknown}
Potions
 e - 2 potions of flight {unknown}
 o - 8 potions of heal wounds
 r - a potion of magic {unknown}
 t - 2 potions of mutation {unknown}
 u - a potion of curing {unknown}
 v - a potion of cure mutation {unknown}
 A - a potion of haste {unknown}
 C - a potion of berserk rage {unknown}
 F - a potion of poison {unknown}
 K - 2 potions of degeneration {unknown}
 L - a potion of invisibility {unknown}
 P - a potion of might
 R - a potion of lignification {unknown}
 S - 2 potions of agility {unknown}
 T - a potion of ambrosia {unknown}
Comestibles
 d - 4 bread rations
 g - 2 beef jerkies
 l - 2 meat rations
 V - 2 chunks of flesh


   Skills:
 + Level 3.0 Fighting
 * Level 9.9 Long Blades
 + Level 3.0 Dodging
 - Level 6.0 Stealth
 - Level 3.0 Shields


You had 7 spell levels left.
You didn't know any spells.

Dungeon Overview and Level Annotations

Branches:
Dungeon (6/15)
 Temple: D:4-7

Altars:
Ashenzari
Gozag
Qazlal


Innate Abilities, Weirdness & Mutations

You cannot wear most types of armour.
You are amphibious.
You can wear up to eight rings at the same time.
You can use your tentacles to constrict eight enemies at once.
Your skin changes colour to match your surroundings (Stealth).
Your rubbery body absorbs attacks (AC +1).


Message History

Firing (i - inventory. (,) - cycle):
p - 29 poisoned needles (quivered)
Press: ? - help, Shift-Dir - straight line, f/p - centaur
Aim: a centaur, wielding a shortbow (moderately wounded, poisoned)
You shoot a poisoned needle.
The poisoned needle barely misses the centaur.
The giant frog misses you.
Firing (i - inventory. (,) - cycle):
p - 28 poisoned needles (quivered)
Press: ? - help, Shift-Dir - straight line, f/p - centaur
Aim: a centaur, wielding a shortbow (moderately wounded, poisoned)
You shoot a poisoned needle. The poisoned needle hits the centaur!
The centaur is moderately wounded.
The giant frog hits you!
The centaur shoots an arrow of frost.
You block the arrow of frost. The giant frog hits you!
The centaur shoots an arrow of frost.
You block the arrow of frost. The giant frog hits you!
* * * LOW HITPOINT WARNING * * *
The centaur shoots an arrow of frost.
The arrow of frost hits you!
* * * LOW HITPOINT WARNING * * *
The arrow of frost freezes you.
You die...

..>. ...)
..... .....
......
......########
#....(....#
#...@F....+
#.........#
#.........#
#.........#
#.........#
#..c........
#.(.........
#((...$.....


You could see a giant frog and a centaur.

Vanquished Creatures
  The ghost of krfreak the Destroyer, a novice DECj of Vehumet (D:5)
  Grinder (D:3)
  Purgy (Sewer)
  An ice beast (D:5)
  An ogre (D:5)
  2 centaurs (D:5)
  A scorpion (D:5)
  A jelly (D:5)
  4 orc wizards
  A giant frog skeleton (D:4)
  2 orc priests (D:5)
  Terence (D:3)
  Natasha (twice) (D:4)
  An iguana (D:4)
  A worker ant (D:5)
  The ghost of Umaruun the Skirmisher, a weakling DrFi (D:3)
  A hound skeleton (D:4)
  Robin (D:3)
  9 adders
  A river rat (D:5)
  An ooze (D:1)
  2 adder skeletons
  6 worms
  2 giant geckos
  11 orcs
  A giant cockroach (D:5)
  13 goblins
  11 hobgoblins
  11 kobolds
  A quokka (D:5)
  A ball python (D:1)
  9 bats
  2 giant newts
  4 jackals (D:4)
  A jackal zombie (D:5)
  13 rats
123 creatures vanquished.

Notes
Turn   | Place    | Note
--------------------------------------------------------------
     0 | D:1      | Morphine the Octopode Fighter began the quest for the Orb.
     0 | D:1      | Reached XP level 1. HP: 16/16 MP: 1/1
   298 | D:1      | Reached XP level 2. HP: 21/21 MP: 2/2
   420 | D:1      | Reached skill level 1 in Stealth
   761 | D:1      | Reached XP level 3. HP: 26/26 MP: 3/3
  1143 | D:2      | Reached XP level 4. HP: 31/31 MP: 4/4
  1256 | D:2      | Found an opulent altar of Gozag.
  1357 | D:3      | Noticed Robin
  1396 | D:3      | Reached skill level 4 in Long Blades
  1427 | D:3      | Killed Robin
  1610 | D:3      | Noticed Umaruun's ghost (weakling DrFi)
  1674 | D:3      | Noticed Grinder
  1674 | D:3      | Paralysed by Grinder for 5 turns
  1684 | D:3      | Killed Grinder
  1684 | D:3      | Reached skill level 6 in Long Blades
  1684 | D:3      | Reached XP level 5. HP: 31/36 MP: 5/5
  1684 | D:3      | Reached XP level 6. HP: 36/42 MP: 6/6
  1715 | D:3      | Killed Umaruun's ghost
  2071 | D:3      | Noticed Terence
  2074 | D:3      | Killed Terence
  2299 | D:4      | Noticed Natasha
  2306 | D:4      | Killed Natasha
  2455 | D:4      | Reached XP level 7. HP: 24/46 MP: 7/7
  2726 | D:4      | Reached skill level 7 in Long Blades
  2993 | D:4      | Found a stormy altar of Qazlal.
  3053 | D:4      | Noticed Natasha
  3058 | D:4      | Killed Natasha
  3333 | D:5      | Entered Level 5 of the Dungeon
  3339 | D:5      | Noticed krfreak's ghost (novice DECj)
  3353 | D:5      | Killed krfreak's ghost
  3353 | D:5      | Reached skill level 8 in Long Blades
  3356 | D:5      | Found a shattered altar of Ashenzari.
  3364 | D:5      | Became a worshipper of Ashenzari the Shackled
  3598 | D:5      | Found a glowing drain.
  3602 | Sewer    | Entered a sewer
  3901 | Sewer    | Noticed Purgy
  3913 | Sewer    | Killed Purgy
  3913 | Sewer    | Reached XP level 8. HP: 11/52 MP: 8/8
  4364 | D:5      | Reached skill level 9 in Long Blades
  4624 | D:5      | Reached skill level 5 in Stealth
  5139 | D:6      | HP: 1/52 [centaur/arrow of frost (13)]
  5139 | D:6      | Shot with an arrow of frost by a centaur

Vault maps used:
D:1:      matt_arrival_los_fun
D:2:      lemuel_round_altar, first_bread, minmay_misc_feat_ornament
D:3:      serial_curves, eino_curves_03, eino_curves_03, uniq_grinder,
          uniq_terence, uniq_robin
D:4:      grunt_qazlal_clouds, uniq_natasha
D:5:      cheibrodos_ashenzari_chains, gup_sewer_entry_spiral
D:6:      kennysheep_boxes
Sewer:    kennysheep_door_sewer

Action                   |  1- 3 |  4- 6 |  7- 9 || total
-------------------------+-------+-------+-------++-------
Melee: Long sword        |    63 |    88 |   135 ||   286
 Fire: Blowgun           |       |       |    33 ||    33
Throw: Stone             |     5 |       |       ||     5
Evoke: Wand              |       |       |     1 ||     1
  Use: Potion            |       |       |     2 ||     2
       Scroll            |       |       |     1 ||     1
 Stab: Sleeping          |     8 |     7 |    17 ||    32
       Distracted        |       |     1 |     2 ||     3
  Eat: Chunk             |     1 |     4 |     8 ||    13
